Map: Hardwire LE

Players

Nice

  • Race: Protoss Protoss

Percival - Winner!

  • Race: Terran Terran

Event: DreamHack SC2 Masters Last Chance 2022

VOD

Have the link to the VOD?

Description

Time

  • Played on: Dec. 15, 2021, 5:15 a.m.
  • Length: 14:40

All games in this series

Show
View Real Time Build Order
Export as new Build Order

Nice Protoss 

Build Orders: 1 Gate Expand, Phoenix Opening 

Get SALT Encoding   

  12  0:00  Probe  
  13  0:12  Probe  
  14  0:20  Pylon  
  14  0:24  Probe (Chrono Boost)  
  15  0:38  Gateway  
  15  0:39  Probe (Chrono Boost)  
  16  0:44  Probe (Chrono Boost)  
  16  0:48  Assimilator  
  17  0:56  Probe  
  18  1:08  Probe  
  19  1:28  Cybernetics Core  
  19  1:34  Nexus  
  19  1:37  Pylon  
  19  1:42  Assimilator  
  19  1:43  Probe  
  20  1:55  Probe  
  21  2:01  Stalker (Chrono Boost)  
  21  2:06  Shield Battery  
  23  2:13  Shield Battery  
  23  2:14  Probe  
  23  2:24  Stalker (Chrono Boost)  
  23  2:26  Probe  
  26  2:38  Probe  
  27  2:48  Stalker (Chrono Boost)  
  27  2:51  Probe  
  31  2:55  Stargate  
  30  3:01  Probe  
  30  3:03  Probe  
  32  3:13  Probe  
  32  3:15  Stalker (Chrono Boost)  
  32  3:18  Probe  
  36  3:20  Warp Gate  
  36  3:31  Probe x2  
  37  3:44  Pylon  
  37  3:46  Probe  
  37  3:52  Phoenix (Chrono Boost)  
  37  3:54  Probe  
  37  3:58  Probe  
  38  4:06  Probe  
  38  4:08  Phoenix (Chrono Boost)  
  39  4:10  Probe  
  39  4:13  Gateway  
  39  4:15  Gateway  
  42  4:18  Probe  
  42  4:22  Probe  
  44  4:28  Phoenix (Chrono Boost)  
  46  4:42  Probe  
  46  4:57  Pylon x2  
  45  5:06  Pylon  
  46  5:07  Probe (Chrono Boost)  
  46  5:09  Forge  
  46  5:15  Twilight Council, Probe (Chrono Boost)  
  46  5:19  Probe (Chrono Boost)  
  48  5:21  Nexus  
  48  5:23  Probe (Chrono Boost), Pylon  
  48  5:25  Probe (Chrono Boost)  
  50  5:29  Probe  
  50  5:30  Protoss Ground Weapons Level 1  
  50  5:33  Probe  
  52  5:38  Assimilator  
  52  5:40  Assimilator  
  52  5:41  Probe, Pylon  
  53  5:44  Blink (Chrono Boost), Pylon  
  53  5:45  Probe  
  54  5:53  Probe  
  55  5:57  Probe  
  56  6:06  Probe, Shield Battery  
  56  6:09  Probe  
  58  6:14  Gateway  
  58  6:18  Gateway  
  58  6:19  Sentry  
  58  6:22  Gateway  
  58  6:24  Sentry x2  
  58  6:25  Probe x2  
  66  6:36  Probe  
  66  6:37  Probe  
  71  6:40  Oracle  
  71  6:42  Probe  
  72  6:48  Probe  
  72  6:49  Shield Battery  
  72  6:50  Probe, Sentry  
  72  6:52  Photon Cannon  
  72  6:54  Probe  
  77  6:57  Stalker x2  
  77  7:00  Probe  
  82  7:02  Probe  
  83  7:09  Photon Cannon  
  83  7:13  Robotics Facility, Pylon  
  83  7:15  Stalker  
  85  7:19  Stalker  
  87  7:29  Stalker x3  
  88  7:46  Stalker x3  
  92  7:52  Charge (Chrono Boost)  
  92  7:54  Protoss Ground Armor Level 1 (Chrono Boost)  
  90  7:58  Probe x2  
  90  7:59  Probe  
  90  8:00  Assimilator  
  90  8:02  Assimilator  
  90  8:03  Zealot x2, Pylon  
  90  8:04  Zealot  
  99  8:07  Observer  
  99  8:10  Probe, Pylon  
  99  8:12  Pylon  
  101  8:14  Photon Cannon  
  101  8:17  Pylon  
  101  8:21  Probe x2  
  101  8:27  Stalker x3  
  105  8:28  Zealot, Observer  
  112  8:35  Stalker x2  
  88  8:56  Stalker x4  
  88  8:57  Probe  
  97  9:08  Pylon  
  93  9:10  Pylon  
  93  9:11  Gateway  
  93  9:12  Photon Cannon  
  93  9:13  Gateway  
  93  9:15  Shield Battery  
  93  9:17  Pylon  
  93  9:19  Observer (Chrono Boost)  
  93  9:21  Observer  
  93  9:23  Forge, Sentry x2  
  98  9:26  Stalker  
  98  9:27  Stalker  
  102  9:37  Observer  
  103  9:41  Pylon  
  103  9:45  Stalker x2  
  107  9:46  Zealot x2  
  107  9:48  Protoss Ground Weapons Level 2 (Chrono Boost)  
  111  9:55  Protoss Ground Armor Level 2 (Chrono Boost)  
  111  10:03  Robotics Bay  
  111  10:10  Nexus  
  111  10:12  Pylon  
  111  10:14  Immortal (Chrono Boost)  
  111  10:21  Stalker x2, Probe x3  
  108  10:22  Stalker x2  
  116  10:32  Stalker x3  
  116  10:33  Zealot, Probe x2  
  124  10:35  Probe  
  125  10:45  Probe  
  125  10:47  Stalker x2  
  130  10:57  Extended Thermal Lance (Chrono Boost), Colossus (Chrono Boost), Pylon  
  136  11:11  Zealot x6  
  117  11:29  Robotics Facility  
  117  11:39  Stalker x2  
  121  11:40  Stalker x3  
  121  11:45  Zealot x2, Colossus (Chrono Boost)  
  137  11:53  Pylon  
  130  12:05  Zealot x6  
  130  12:13  Zealot x2  
  130  12:15  Colossus (Chrono Boost)  
  128  12:32  Colossus (Chrono Boost), Observer  
  128  12:47  Nexus  
  128  12:48  Pylon  
  127  13:02  Observer  
  127  13:03  Sentry  
  127  13:04  Sentry x2  
  127  13:05  Stalker  
  136  13:10  Shield Battery  
  136  13:25  Observer (Chrono Boost)  
  143  13:30  Stalker x3, Colossus (Chrono Boost)  
  133  13:54  Zealot x3  
  133  13:55  Zealot x4  
  128  13:56  Zealot  
  108  14:27  Templar Archives  
  108  14:29  Stalker x2  
Show
View Real Time Build Order
Export as new Build Order

Percival Terran - Winner!

Build Orders:  

Get SALT Encoding   

  12  0:00  SCV  
  13  0:12  SCV  
  14  0:17  Supply Depot  
  14  0:24  SCV  
  15  0:39  SCV, Barracks  
  16  0:45  Refinery  
  16  0:51  SCV  
  16  0:54  Refinery  
  17  1:03  SCV  
  18  1:15  SCV  
  19  1:26  Reaper  
  19  1:27  SCV  
  21  1:41  Orbital Command  
  21  1:42  Bunker  
  21  1:48  Factory  
  21  2:00  Supply Depot, Reaper  
  23  2:08  SCV  
  23  2:21  SCV  
  24  2:33  SCV  
  25  2:49  Widow Mine  
  25  2:50  Command Center  
  25  2:51  SCV  
  27  2:56  Starport  
  27  3:03  SCV  
  27  3:05  Supply Depot  
  28  3:06  Barracks  
  28  3:13  Bunker  
  28  3:15  Widow Mine  
  30  3:20  SCV  
  31  3:32  SCV  
  31  3:33  Medivac  
  34  3:36  Widow Mine  
  36  3:44  SCV  
  37  3:56  SCV  
  39  4:03  Orbital Command  
  39  4:04  Factory Tech Lab  
  39  4:08  Barracks Reactor  
  39  4:09  Starport Tech Lab  
  38  4:14  SCV  
  39  4:24  Marine, Orbital Command  
  42  4:26  SCV  
  42  4:38  SCV  
  42  4:41  Marine  
  44  4:48  Viking, Cyclone  
  44  4:50  SCV x2  
  44  4:52  Supply Depot  
  46  4:55  Marine x2  
  46  4:58  Engineering Bay  
  46  4:59  Marine  
  47  5:00  Refinery, Barracks  
  47  5:02  Bunker  
  47  5:03  SCV x2  
  47  5:08  Supply Depot  
  47  5:15  SCV x2  
  47  5:16  Marine x2  
  51  5:25  Terran Infantry Weapons Level 1  
  51  5:27  SCV x2  
  53  5:32  Stimpack  
  53  5:34  Marine  
  54  5:36  Marine  
  54  5:39  SCV x2  
  54  5:40  Factory Reactor  
  54  5:42  Starport Reactor  
  57  5:49  Marine  
  58  5:51  SCV x2  
  58  5:52  Marine  
  58  5:53  Supply Depot, Refinery  
  58  5:54  Marine  
  62  5:58  Combat Shield  
  62  5:59  Marine  
  62  6:03  SCV x2  
  65  6:07  Supply Depot  
  65  6:08  Supply Depot  
  65  6:11  Marine x2  
  65  6:12  Marine  
  65  6:15  SCV x2  
  70  6:19  Medivac x2  
  70  6:22  Widow Mine x2  
  70  6:24  Supply Depot  
  78  6:29  SCV, Marine x2  
  78  6:30  Marine  
  78  6:31  Marine  
  82  6:44  Widow Mine x2  
  82  6:46  Marine x2  
  86  6:48  Marine  
  86  6:49  Medivac x2, Marine  
  94  6:55  Supply Depot  
  94  6:56  Supply Depot  
  94  7:02  Command Center  
  94  7:06  Marine x2  
  94  7:07  Marine  
  94  7:08  Marine  
  97  7:09  Widow Mine x2  
  101  7:21  Medivac  
  101  7:22  Medivac  
  104  7:31  Supply Depot x2  
  104  7:32  Barracks  
  104  7:33  Barracks  
  104  7:34  Marine x2  
  104  7:35  Marauder  
  107  7:41  Widow Mine x2, SCV  
  109  7:48  SCV  
  107  7:55  Marine x2  
  107  7:56  Marauder x2  
  111  8:04  SCV x2  
  113  8:06  Terran Infantry Armor Level 1  
  113  8:08  Ghost Academy  
  113  8:15  Marine x2  
  113  8:17  Marauder x2  
  119  8:22  Medivac x2  
  119  8:26  Widow Mine  
  125  8:27  Widow Mine  
  125  8:31  Barracks Tech Lab, Barracks Reactor  
  127  8:37  Marine x2  
  127  8:39  Marauder  
  124  8:44  Marauder  
  120  8:50  Widow Mine x2  
  120  8:55  Medivac x2, SCV x2, Marine x2  
  123  9:00  Marauder  
  123  9:02  Marauder  
  115  9:05  Orbital Command  
  115  9:06  Marauder  
  115  9:07  SCV  
  113  9:12  Marine x2  
  113  9:16  SCV, Refinery  
  116  9:18  Refinery  
  116  9:21  Marauder, Armory  
  118  9:24  Enhanced Shockwaves  
  118  9:29  SCV x2  
  120  9:40  Marine  
  120  9:41  SCV, Marine x3  
  131  9:47  SCV x2  
  133  9:56  Supply Depot x2  
  131  10:00  SCV  
  131  10:01  Supply Depot, SCV x2  
  131  10:03  Marine x4  
  138  10:08  Unknown x2  
  138  10:09  Viking x2  
  138  10:13  Marauder x2, Unknown  
  148  10:14  Marauder  
  144  10:23  Concussive Shells  
  142  10:32  Marine x4  
  150  10:37  Engineering Bay  
  150  10:39  Viking x2  
  150  10:41  Terran Infantry Weapons Level 2  
  152  10:57  Widow Mine x2, Marine x2  
  152  10:58  Marine x2  
  152  11:02  Missile Turret  
  152  11:03  Supply Depot, Unknown x3  
  158  11:06  Missile Turret, Command Center  
  158  11:07  Missile Turret  
  156  11:17  Marine x3  
  156  11:18  Marauder x3, Marine  
  155  11:22  Widow Mine x2  
  154  11:27  Liberator x2  
  154  11:31  Terran Infantry Armor Level 2  
  160  11:35  Terran Ship Weapons Level 1  
  160  11:38  Marine x2  
  162  11:40  SCV x3  
  165  11:51  Marauder x3  
  169  11:57  Missile Turret  
  169  12:04  Barracks  
  169  12:05  Barracks  
  169  12:06  Barracks  
  165  12:09  Marine x3  
  165  12:10  Marine  
  165  12:13  Marauder x2  
  163  12:19  Widow Mine x2  
  166  12:23  Planetary Fortress  
  166  12:26  SCV x2  
  168  12:40  Marine x2  
  168  12:42  Marine x2  
  174  12:44  Unknown  
  174  12:55  Barracks Reactor, Barracks Tech Lab  
  174  12:56  Barracks Tech Lab  
  174  12:57  Refinery x2  
  174  12:58  Marine x2  
  174  13:01  Starport  
  174  13:02  Fusion Core  
  174  13:03  Viking x2  
  180  13:05  Unknown x2  
  180  13:06  Factory Reactor  
  180  13:09  Marauder x2, Marine  
  180  13:10  Marine  
  186  13:13  Marauder, Unknown  
  186  13:16  Marauder x2, Marine x2  
  194  13:27  Command Center  
  194  13:33  Viking  
  195  13:41  Viking  
  188  13:53  Marauder x3, Marine x2  
  188  13:55  Marine  
  183  13:57  Marine  
  171  14:08  Marine  
  171  14:09  Viking x2  
  167  14:19  Marine x2  
  167  14:20  Marine  
  167  14:21  Unknown x2, Marine  

Tags
 
Add a new tag
Caveats
  • Supply blocks, unpowered buildings, or Contaminate may cause inaccurate times.
  • Supply counts are checked every 10 seconds.